 Dungeon Crawl Stone Soup version 0.25-a0-558-g78a2afb0af (webtiles) character file.

Game seed: 2046112111730324360, levelgen mode: classic

30 EnegeticOcto the Covered (level 3, 26/34 HPs)
             Began as a Deep Dwarf Fighter on Feb 24, 2020.
             Quit the game on level 2 of the Dungeon.
             The game lasted 00:00:27 (270 turns).

EnegeticOcto the Covered (Deep Dwarf Fighter)        Turns: 270, Time: 00:00:28

Health: 26/34      AC:  6    Str: 20    XL:     3   Next: 5%
Magic:  2/2        EV:  7    Int:  8    God:
Gold:   19         SH:  0    Dex: 12    Spells: 2/2 levels left

rFire    . . .     SeeInvis .   a - +0 war axe
rCold    . . .     Gourm    .   c - +0 kite shield
rNeg     . . .     Faith    .   b - +0 scale mail
rPois    .         Spirit   .   (no helmet)
rElec    .         Reflect  .   (no cloak)
rCorr    .         Harm     .   (no gloves)
MR       .....                  (no boots)
Stlth    ..........             (no amulet)
HPRegen  0.00/turn              (no ring)
MPRegen  0.08/turn              (no ring)

@: confused, non-regenerating
A: damage resistance, heal wounds, sense surroundings 1, no regeneration
a: Heal Wounds


You were on level 2 of the Dungeon.
You were not hungry.

You visited 1 branch of the dungeon, and saw 2 of its levels.

You collected 19 gold pieces.

Inventory:

Hand Weapons
 a - a +0 war axe (weapon)
Armour
 b - a +0 scale mail (worn)
 c - a +0 kite shield (worn)
Scrolls
 d - a scroll of immolation {unknown}
 f - a scroll of identify {unknown}
Potions
 k - a potion of might {@q3}
Comestibles
 e - a ration
 g - 3 chunks of flesh


   Skills:
 * Level 3.1 Fighting
 * Level 2.6 Axes
 + Level 3.5 Armour
 + Level 0.8 Dodging
 + Level 3.5 Shields


You had 2 spell levels left.
You didn't know any spells.
Your spell library was empty.

Dungeon Overview and Level Annotations

Branches:
Dungeon (2/15)

Altars:

Annotations:
D:2 Sigmund


Innate Abilities, Weirdness & Mutations

You are resistant to damage.
You can heal yourself by infusing magical energy.
You passively map a small area around you.
You do not regenerate.


Message History

You are more poisoned.
The adder poisons you!
You closely miss the adder.
The adder is severely wounded.
You block the adder's attack. The adder bites you.
You barely miss the adder.
The adder is severely wounded.
The adder bites you.
You hit the adder but do no damage.
The adder is severely wounded.
You block the adder's attack. The adder bites you.
You barely miss the adder.
The adder is severely wounded.
The adder bites you but does no damage.
You hit the adder but do no damage.
The adder is severely wounded.
You block the adder's attack. x2
You closely miss the adder.
The adder is severely wounded.
The adder barely misses you.
You hit the adder but do no damage.
The adder is severely wounded.
You block the adder's attack.
You barely miss the adder.
The adder is severely wounded.
You block the adder's attack. x2
You completely miss the adder.
The adder is severely wounded.
The adder bites you.
You miss the adder.
The adder is severely wounded.
The adder bites you but does no damage.
You hit the adder.
The adder is almost dead.
The adder bites you. The adder closely misses you.
You closely miss the adder.
The adder is almost dead.
You block the adder's attack.
You miss the adder.
The adder is almost dead.
You block the adder's attack. x2
You barely miss the adder.
The adder is almost dead.
The adder closely misses you.
Your shield and scale mail prevent you from hitting the adder.
The adder is almost dead.
You block the adder's attack.
You closely miss the adder.
The adder is almost dead.
You block the adder's attack. The adder bites you but does no damage.
You barely miss the adder.
The adder is almost dead.
The adder bites you but does no damage.
You closely miss the adder.
The adder is almost dead.
You block the adder's attack.
You completely miss the adder.
The adder is almost dead.
The adder completely misses you. The adder barely misses you.
You hit the adder.
You kill the adder!
You have reached level 3!
Your experience leads to an increase in your attributes!
Increase (S)trength, (I)ntelligence, or (D)exterity?
You feel stronger.
You see here a stone.
You see here a +0 war axe.
You see here a +0 war axe.
a - a +0 war axe You resume training Axes.
a - a +0 war axe (weapon)
Drop what? 9/52 slots (_ for help) (? for menu, Esc to quit)
You remove your ring of ice.
You drop an uncursed ring of ice.
You are no longer poisoned.
You see here a stone.
A goblin comes into view. It is wielding a -2 club.
The goblin shouts!
Sigmund the Dreaded comes into view.
He is wielding a +0 scythe.
Found a hunting sling.
Found 22 arrows.
Sigmund shouts!
You block the goblin's attack.
You slash the goblin!
You kill the goblin!
Sigmund points at you and mumbles some strange words.
The magic dart hits you! You block Sigmund's attack.
Things that are here:
a cursed -2 club; a goblin corpse You completely miss Sigmund.
Sigmund barely misses you.
You slash Sigmund!
Sigmund is moderately wounded.
Sigmund gestures at you while chanting.
You are confused.
Sigmund casts a spell at you. The magic dart hits you.
You are too confused!
You are too confused!
You're too confused!
Are you sure you want to abandon this character and quit the game? (Confirm with "yes".)

..#######
#.............# #...
. * ** ,
#.............#
,,#### ,, *
#..............., #
#..†..............,
## *,
,#.....###.........
.. ,
..##...####..###....
. , ,
......#......>.#
*...., ...
...............# ,
,...
.........@@....# ...
...............# * ,
,. ...............#
, . ##....#........#
*, , ,, *
#....##.......# * ,
, #....*#.#.....# ,
* .. *#.#.....# * *
# , #.#.)...# # *
#(....# #


You could see Sigmund.

Vanquished Creatures
  2 adders (D:2)
  2 dart slugs (D:2)
  A leopard gecko (D:2)
  A hobgoblin (D:2)
  2 frilled lizards (D:2)
  A goblin (D:2)
  2 kobolds (D:2)
11 creatures vanquished.

Notes
Turn   | Place    | Note
-------+----------+-------------------------------------------
     0 | D:1      | EnegeticOcto the Deep Dwarf Fighter began the quest for the
                  | Orb.
     0 | D:1      | Reached XP level 1. HP: 20/20 MP: 1/1
   157 | D:2      | Reached XP level 2. HP: 27/27 MP: 2/2
   233 | D:2      | Reached XP level 3. HP: 31/34 MP: 2/2
   258 | D:2      | Noticed Sigmund
   270 | D:2      | Quit the game

Levels and vault maps discovered:
D:1:      mrwooster_arrival_statue, layout_basic, minivault_23
D:2:      layout_basic, kennysheep_jessica_study, uniq_sigmund, uniq_terence

Skill      XL: |  1  2 |
---------------+-------+-----
Fighting       | 3 |  3.1
Axes           | |  2.6
Armour         | |  3.5
Dodging        | |  0.8
Shields        | |  3.5

Action                   || total
-------------------------++-------
Melee: War axe           ||    29
       Unarmed           ||    47
 Abil: Heal Wounds       ||     1
Armor: Scale mail        ||    30
Dodge: Dodged            ||    23
Block: Kite shield       ||    39

Table legend:
 A = Non-vault XP
 B = Vault XP
 C = Vault XP percentage of total XP
 D = Non-vault monster count
 E = Vault monster count
 F = Vault count percentage of total count
                 A         B        C        D         E       F
            +---------+---------+-------+---------+---------+-------
      Total |      44 |       0 |   0.0 |      11 |       0 |   0.0
            +---------+---------+-------+---------+---------+-------
        D:2 |      44 |       0 |   0.0 |      11 |       0 |   0.0
            +---------+---------+-------+---------+---------+-------
